 Dungeon Crawl Stone Soup version 0.32-a0-871-ge202e49faa (webtiles) character file.

Game seed: 14425689393336676866

239 Goblin1989 the Sneak (level 5, -2/38 HPs)
             Began as a Demonspawn Brigand on Mar 30, 2024.
             Slain by a scorpion (3 damage)
             ... on level 4 of the Dungeon.
             The game lasted 00:03:56 (2465 turns).

Goblin1989 the Sneak (Demonspawn Brigand)           Turns: 2465, Time: 00:03:56

Health: -2/38      AC:  6    Str: 12    XL:     5   Next: 79%
Magic:  5/5        EV: 10    Int: 11    God:
Gold:   178        SH:  0    Dex: 16    Spells: 4/4 levels left

rFire   . . .        a - +2 dagger
rCold   . . .        (no shield)
rNeg    . . .        b - +0 robe
rPois   .            (no helmet)
rElec   .            c - +0 cloak
rCorr   .            (no gloves)
SInv    .            (no boots)
Will    +....        k - amulet of regeneration
Stlth   +++          j - ring of willpower
HPRegen 1.06/turn    (no ring)
MPRegen 0.18/turn

%: no passive effects
@: lethally poisoned (-2 -> -3)
A: thin metallic scales 2, magic regeneration
a: no special abilities


You were on level 4 of the Dungeon.
You visited 1 branch of the dungeon, and saw 4 of its levels.

You collected 178 gold pieces.

Inventory:

Hand Weapons
 a - a +2 dagger (weapon)
Missiles
 d - 14 poisoned darts (quivered)
 e - 3 curare-tipped darts
 f - 4 stones
 s - 4 atropa-tipped darts
Armour
 b - a +0 robe (worn)
 c - a +0 cloak (worn)
Jewellery
 j - a ring of willpower (left hand)
 k - an amulet of regeneration (around neck)
Wands
 n - a wand of digging (6) {@v3}
Scrolls
 g - 2 scrolls of teleportation {unknown}
 h - a scroll of noise {unknown}
 i - 4 scrolls of identify {unknown}
 l - 2 scrolls of revelation {unknown}
 r - 2 scrolls of enchant weapon {unknown}
 t - a scroll of blinking {unknown}
 u - a scroll of torment {unknown}
Potions
 m - 2 potions of lignification {unknown}
 o - 2 potions of cancellation {unknown}
 p - a potion of degeneration {unknown}
 q - a potion of curing {unknown}


   Skills:
 - Level 2.0 Fighting
 + Level 4.1 Short Blades
 - Level 1.7 Throwing
 - Level 0.8 Dodging
 + Level 5.5 Stealth


You had 4 spell levels left.
You didn't know any spells.
Your spell library contained the following spells:

 Spells                   Type           Power      Damage    Failure   Level
 Blink                    Tloc           0%         N/A       47%         2
 Lesser Beckoning         Tloc           0%         N/A       47%         2
 Momentum Strike          Conj/Tloc      0%         3d8       47%         2


Dungeon Overview and Level Annotations

Branches:
Dungeon (4/15) Zot: 21577
 Temple: D:4-7

Altars:
Cheibriados
Gozag

Shops:
D:1 [

Annotations:
D:3 exclusion: door


Innate Abilities, Weirdness & Mutations

You are mostly covered in thin metallic scales. (AC +3)
You regenerate magic rapidly.


Message History

You take 2 damage, and have 25/38 hp.
You closely miss the scorpion.
The scorpion is heavily wounded.
You feel sick.
The scorpion stings you but does no damage.
You take 1 damage, and have 24/38 hp.
You hit the scorpion but do no damage.
The scorpion is heavily wounded.
You feel sick. The scorpion stings you.
* * * LOW HITPOINT WARNING * * *
You are too injured to fight recklessly!
You are too injured to fight recklessly!
You take 7 damage, and have 17/38 hp.
You are too injured to fight recklessly!
You are too injured to fight recklessly!
You are too injured to fight recklessly!
You are too injured to fight recklessly!
You are too injured to fight recklessly!
You are too injured to fight recklessly!
You are too injured to fight recklessly!
You are too injured to fight recklessly!
You are too injured to fight recklessly!
You are too injured to fight recklessly!
You are too injured to fight recklessly!
You are too injured to fight recklessly!
You are too injured to fight recklessly!
You are too injured to fight recklessly!
You are too injured to fight recklessly!
You are too injured to fight recklessly!
You are too injured to fight recklessly!
You are too injured to fight recklessly!
You are too injured to fight recklessly!
You are too injured to fight recklessly!
You are too injured to fight recklessly!
You are too injured to fight recklessly!
You are too injured to fight recklessly!
You are too injured to fight recklessly!
You are too injured to fight recklessly!
You are too injured to fight recklessly!
You are too injured to fight recklessly!
You are too injured to fight recklessly!
You are too injured to fight recklessly!
You are too injured to fight recklessly!
You are too injured to fight recklessly!
You are too injured to fight recklessly!
You are too injured to fight recklessly!
You are too injured to fight recklessly!
You are too injured to fight recklessly!
You are too injured to fight recklessly!
You are too injured to fight recklessly!
You are too injured to fight recklessly!
You are too injured to fight recklessly!
You are too injured to fight recklessly!
You are too injured to fight recklessly!
You barely miss the scorpion.
The scorpion is heavily wounded.
You feel sick.
You hit the scorpion but do no damage.
The scorpion is heavily wounded.
You feel sick. The scorpion barely misses you.
You hit the scorpion but do no damage.
The scorpion is heavily wounded.
You feel sick. The scorpion barely misses you.
You hit the scorpion.
The scorpion is heavily wounded.
You feel sick. The scorpion stings you.
* * * LOW HITPOINT WARNING * * *
You are more poisoned.
The scorpion poisons you!
You take 3 damage, and have 14/38 hp.
You barely miss the scorpion.
The scorpion is heavily wounded.
You feel sick. The scorpion stings you.
* * * LOW HITPOINT WARNING * * *
You take 5 damage, and have 9/38 hp.
You hit the scorpion.
The scorpion is severely wounded.
You feel sick. The scorpion stings you.
* * * LOW HITPOINT WARNING * * *
You take 3 damage, and have 6/38 hp.
You hit the scorpion but do no damage.
The scorpion is severely wounded.
You feel sick. The scorpion stings you.
* * * LOW HITPOINT WARNING * * *
You take 3 damage, and have 3/38 hp.
You hit the scorpion.
The scorpion is almost dead.
You feel sick. The scorpion stings you.
* * * LOW HITPOINT WARNING * * *
You take 2 damage, and have 1/38 hp.
You hit the scorpion.
The scorpion is almost dead.
* * * LOW HITPOINT WARNING * * *
You feel sick.
The scorpion stings you but does no damage.
You hit the scorpion but do no damage.
The scorpion is almost dead.
* * * LOW HITPOINT WARNING * * *
You feel sick. The scorpion stings you.
You die...

█.........█ .....
█.........██████ .....
█.........∆..... .....
█......†..█.....
....█████....██.█.███.
......█....██.█<..█.
.█████....█.†..██.█████.
.........>▲....██.. ..
█.s@..█....█████████
█.█...∆....∆........ █
██..█....█████████
...............█
....█............█
....█............█
.................████
.....█..............█
█.██.........████∆█


You could see a scorpion.

Vanquished Creatures
  A phantom (D:3)
  A bombardier beetle (D:3)
  Natasha (D:2)
  An orc wizard (D:3)
  2 adders (D:2)
  3 dart slugs
  3 ribbon worms
  3 orcs (D:3)
  5 ball pythons
  6 endoplasms
  10 goblins
  3 hobgoblins
  2 quokkas
  6 bats
  A frilled lizard (D:1)
  6 kobolds
  A rat (D:3)
55 creatures vanquished.

Notes
Turn   | Place    | Note
-------+----------+-------------------------------------------
     0 | D:1      | Goblin1989 the Demonspawn Brigand began the quest for the
                  | Orb.
     0 | D:1      | Reached XP level 1. HP: 16/16 MP: 1/1
   136 | D:1      | Found Taxtusee's Armour Shoppe.
   206 | D:1      | Gained mutation: You are partially covered in thin metallic
                  | scales. (AC +2) [demonic ancestry]
   206 | D:1      | Reached XP level 2. HP: 22/22 MP: 2/2
   472 | D:1      | Reached skill level 4 in Stealth
   641 | D:2      | Gained mutation: You regenerate magic rapidly. [demonic
                  | ancestry]
   641 | D:2      | Reached XP level 3. HP: 26/27 MP: 3/3
  1077 | D:2      | Noticed Natasha
  1096 | D:2      | Killed Natasha
  1097 | D:2      | Gained mutation: You are mostly covered in thin metallic
                  | scales. (AC +3) [demonic ancestry]
  1097 | D:2      | Reached XP level 4. HP: 22/33 MP: 4/4
  1745 | D:3      | Found a snail-covered altar of Cheibriados.
  1860 | D:3      | Noticed a phantom
  1883 | D:3      | Killed a phantom
  1884 | D:3      | Reached skill level 5 in Stealth
  1884 | D:3      | Reached XP level 5. HP: 38/38 MP: 5/5
  2260 | D:3      | Found an opulent altar of Gozag.
  2463 | D:4      | HP: 1/38 [scorpion (2)]
  2465 | D:4      | Slain by a scorpion

Illustrated notes

Levels and vault maps discovered:
D:1:      dpeg_arrival_arbitrary_a, layout_rooms, serial_shops, shop_statue
D:2:      layout_basic, chequers_serial_rivers_small_a, uniq_natasha
D:3:      layout_basic, mainiacjoe_overflow_alcove_4, cheibrodos_worm_habitat
D:4:      layout_basic, grunt_ministairs_11, minivault_19

Skill      XL: |  1  2  3  4  5 |
---------------+----------------+-----
Short Blades   | 2 3 4 |  4.1
Stealth        | 4 5 |  5.5
Fighting       | |  2.0
Throwing       | |  1.7
Dodging        | |  0.8

Action                     |  1- 3 |  4- 6 || total
---------------------------+-------+-------++-------
  Melee: Dagger            |   113 |   171 ||   284
  Throw: Dart              |     3 |       ||     3
   Stab: Sleeping          |     8 |     4 ||    12
 Armour: Robe              |    62 |    98 ||   160
  Dodge: Dodged            |    56 |    56 ||   112

Table legend: (Time is in decaauts)
 A = Elapsed time spent in this place.
 B = Non-inter-level travel time spent in this place.
 C = Inter-level travel time spent in this place.
 D = Time resting spent in this place.
 E = Time spent auto-exploring this place.
 F = Levels seen in this place.
 G = Mean time per level.
                   A        B        C        D        E       F      G
               +--------+--------+--------+--------+--------+-----+--------+
         Total |   2421 |   2345 |     76 |      0 |   1811 |   4 |  605.2 |
       Dungeon |   2421 |   2345 |     76 |      0 |   1811 |   4 |  605.2 |
               +--------+--------+--------+--------+--------+-----+--------+

Top non-repeatable levels by time:
     D:3: 1127 daAuts
     D:2: 643 daAuts
     D:1: 536 daAuts
     D:4: 115 daAuts
